[Event "*** Titled Tuesday Blitz"]
[Site "Chess.com"]
[Date "2021.03.02"]
[Round "7"]
[White "Trankuilizer"]
[Black "alexrustemov"]
[Result "0-1"]
[WhiteElo "2567"]
[BlackElo "2724"]
[TimeControl "180+1"]
[EndTime "11:19:38 PST"]
[Termination "alexrustemov won on time"]

1. e4 e6 2. d4 d5 3. Nd2 c5 4. exd5 Qxd5 5. Ngf3 cxd4 6. Bc4 Qd7 7. O-O Nc6 8. Nb3 Nf6 9. Nbxd4 Nxd4 10. Nxd4 a6 11.
Bb3 b5 12. c3 Bb7 13. Qe2 Bd5 14. Bg5 Be7 15. Rad1 Bxb3 16. axb3 Qd5 17. Bh4 O-O 18. c4 Qb7 19. cxb5 axb5 20. Nxb5 Rfb8 21. Nd4 Ra6 22. Rd3 Rb6 23. h3 h6 24. Rc1 Nd5 25. Bxe7 Nxe7 26. Qe5 Qd5 27. Qxd5 Nxd5 28. g3 g5 29. Rc4 R8b7 30.
Kg2 Kg7 31. Ra4 Kf6 32. Rc4 Ra6 33. Nc6 Ra2 34. Rf3+ Kg7 35. Rc2 Rc7 36. b4 Ra6 37.
Nd4 Rb7 38. b5 Ra4 39. Rd2 Rb4 40. Nf5+ Kg6 41. Nd6 Rd7 42. Ne8 Nf4+ 43. gxf4 Rxd2 44. fxg5 Rxb5 45. Rf6+ Kxg5 46. Rxf7 Rbxb2 47. Rg7+ Kf5 48. Rf7+ Ke5 49. Ng7 Kd6 50. Nh5 e5 51. Ng3 Ke6 52. Rf8 Rdc2 53. Ne4 Kd5 54. Ng3 e4 55. Rd8+ Ke5 56.
Re8+ Kf6 57. Nxe4+ Kf7 58. Rc8 Re2 59. Nd6+ Ke6 0-1

[Event "*** Titled Tuesday Blitz"]
[Site "Chess.com"]
[Date "2021.03.02"]
[Round "7"]
[White "maxip32"]
[Black "davigator"]
[Result "1-0"]
[WhiteElo "2529"]
[BlackElo "2392"]
[TimeControl "180+1"]
[EndTime "11:19:38 PST"]
[Termination "maxip32 won on time"]

1. e4 c5 2. Nf3 Nc6 3. d4 cxd4 4. Nxd4 Nf6 5. Nc3 d6 6. Be2 Bd7 7. O-O e6 8. Be3 a6 9. a4 Be7 10. f4 O-O 11. Nb3 Na5 12. e5 Ne8 13. exd6 Bxd6 14.
Nc5 Bc8 15. N3e4 Be7 16. Bd3 Qc7 17. b4 Nc6 18. c3 b6 19. Nb3 Bb7 20. Qh5 g6 21.
Qh6 f6 22. Nd4 Nxd4 23. Bxd4 Rf7 24. a5 bxa5 25. Rxa5 Rd8 26. Bb1 Bxb4 27. Rc5 Bxc5 28. Nxc5 Qc6 29. Be4 Rd5 30. c4 Rxc5 31. Bxc6 Rxc6 32.
c5 Rcc7 33. h4 Ng7 34. f5 Nxf5 35. Qf4 Nxd4 36. Qxd4 e5 37. Qd6 Kg7 38. Rc1 Rc6 39. Qd2 Bc8 40. Qe3 h5 41. Qe4 Rfc7 42. Qb4 Bf5 43.
Kf2 Rd7 44. g3 Bg4 45. Ke3 Rdc7 46. Rc3 Kh7 47. Rc4 Bf5 48. Rc3 Be6 49. Kd2 Bf5 50. Kc1 Re6 51. Kb2 Ree7 52. Ka3 Rb7 53. Qc4 Be6 54. Qe4 Rec7 55. c6 Rb5 56. Qd3 Rc8 57. Qd6 Bf5 58. c7 1-0

[Event "*** Titled Tuesday Blitz"]
[Site "Chess.com"]
[Date "2021.03.02"]
[Round "7"]
[White "Oligan22"]
[Black "Julianos82"]
[Result "1-0"]
[WhiteElo "2523"]
[BlackElo "2351"]
[TimeControl "180+1"]
[EndTime "11:19:38 PST"]
[Termination "Oligan22 won by resignation"]

1. e4 c5 2. Nf3 b6 3. d4 cxd4 4.
Nxd4 Bb7 5. Nc3 a6 6. Bg5 Qc7 7. Qd2 e6 8. a3 Nc6 9. O-O-O Nf6 10.
f3 Bc5 11. Nb3 Be7 12. Bf4 e5 13. Bg5 Na5 14. Kb1 Nxb3 15. cxb3 Rd8 16. Bc4 b5 17.
Bxf6 bxc4 18. Bxe7 Kxe7 19. bxc4 Rhe8 20. Nd5+ Bxd5 21.
Qxd5 d6 22. Rc1 Rb8 23. c5 Rec8 24. Rhd1 dxc5 25. Rc2 Rb6 26. Rdc1 Rc6 27. h4 Qd6 28.
Qc4 Qd4 29. Qe2 c4 30. Ka2 c3 31. b3 a5 32. Qb5 Rc5 33. Qb7+ R8c7 34. Qb8 a4 35. bxa4 Qxa4 36. Qb4 Qc6 37. Rxc3 Kd6 38. R1c2 h5 39. Rc4 g6 40. Rc1 f6 41. R1c2 Rc8 42. Rc1 Rc7 43. a4 Rc8 44. Ka3 Rc7 45. R1c2 Rc8 46.
g3 Rc7 47. f4 Rc8 48. fxe5+ fxe5 49. Rf2 Kd7 50. Rf7+ Ke8 51. Rxc5 Qxc5 52. Qxc5 Rxc5 53. Rg7 Rc3+ 54. Kb4 Rxg3 55. Kc5 g5 56. hxg5 h4 57. Kd6 h3 58. Ke6 Kf8 59. Rh7 Rxg5 60. Rxh3 Rg6+ 61. Kxe5 Rg1 62. Ra3 Ra1 63. Rxa1 1-0

[Event "*** Titled Tuesday Blitz"]
[Site "Chess.com"]
[Date "2021.03.02"]
[Round "7"]
[White "Goryachkina"]
[Black "MITerryble"]
[Result "1-0"]
[WhiteElo "2699"]
[BlackElo "2906"]
[TimeControl "180+1"]
[EndTime "11:19:39 PST"]
[Termination "Goryachkina won by resignation"]

1. Nf3 Nf6 2. g3 d5 3. Bg2 c6 4. O-O Bg4 5. h3 Bh5 6. d4 Nbd7 7. c4 e6 8. cxd5 cxd5 9. Ne5 Be7 10. Nc3 O-O 11. g4 Bg6 12. Nxg6 hxg6 13. b3 Rc8 14.
Bb2 Qa5 15. Qd3 Ba3 16. Bxa3 Qxa3 17. Nb5 Qa5 18. Rfc1 a6 19. Nc3 Rc6 20. e3 Rfc8 21. Ne2 g5 22. a4 Qb4 23. Rxc6 Rxc6 24. Rc1 Rxc1+ 25. Nxc1 Qe1+ 26. Qf1 Qc3 27. Qd1 Ne4 28. Bxe4 dxe4 29. Ne2 Qb2 30. Ng3 Nf6 31. Kf1 g6 32.
Kg1 Kg7 33. Kf1 Qc3 34. Kg1 Qb2 35. Kf1 Kf8 36. Kg1 Ke7 37. Kf1 Kd6 38. Kg1 Kc6 39. Kf1 b5 40. axb5+ Kxb5 41. Kg1 Kb4 42. Qf1 Qxb3 43.
Qxa6 Qd1+ 44. Kh2 Qf3 45. Qb6+ Kc4 46. Qa6+ Kc3 47. Qa3+ Kd2 48. Qb2+ Ke1 49. Kg1 Kd1 50. Qb1+ Kd2 51. Qb2+ Kd3 52. Qb3+ Kd2 53. Nf1+ Kc1 54. Qc3+ Kb1 55. Nd2+ Ka2 56. Nxf3 exf3 57. Qc4+ Kb2 58.
Qc7 Ne4 59. Qxf7 Nd2 60. Qxe6 1-0

[Event "*** Titled Tuesday Blitz"]
[Site "Chess.com"]
[Date "2021.03.02"]
[Round "7"]
[White "zverr1"]
[Black "pavelalexandru07"]
[Result "0-1"]
[WhiteElo "2450"]
[BlackElo "2302"]
[TimeControl "180+1"]
[EndTime "11:19:39 PST"]
[Termination "pavelalexandru07 won by checkmate"]

1. e4 c5 2. Nf3 d6 3. Bb5+ Bd7 4. c4 Nf6 5. Nc3 e6 6. d4 cxd4 7. Nxd4 a6 8. Ba4 Nc6 9. O-O Rc8 10. Bxc6 Bxc6 11.
f3 Be7 12. Be3 O-O 13. Qd2 Bd7 14. b3 Re8 15. Rad1 Bc6 16. Nde2 Qa5 17. Nd5 Qxd2 18. Nxe7+ Rxe7 19. Rxd2 d5 20. Bc5 Ree8 21. exd5 exd5 22. cxd5 Bb5 23. Bd4 Rxe2 24. Rxe2 Bxe2 25. Re1 Bb5 26. Bxf6 gxf6 27. a4 Bd7 28. Re7 Rd8 29. Kf2 Kf8 30.
Re3 Bf5 31. g4 Bb1 32. Rc3 Rxd5 33. Ke3 Rd7 34. f4 f5 35. g5 Be4 36. h4 b5 37.
axb5 axb5 38. b4 Rd1 39. Rc8+ Kg7 40. h5 Rd3+ 41. Ke2 Rh3 42. h6+ Kg6 43. Rg8+ Kh5 44. Rg7 Kg4 45. Rxh7 Kxf4 46. Rg7 Ke5 47. Rxf7 f4 48. Kf2 Rh2+ 49. Kg1 Rh1+ 50. Kf2 f3 51. Rf6 Rh2+ 52. Kg1 Rg2+ 53. Kf1 Rxg5 54. Rb6 Kf4 55. Kf2 Rg2+ 56. Kf1 Rh2 57. Rxb5 Ke3 58. Rb6 Rh1# 0-1

[Event "*** Titled Tuesday Blitz"]
[Site "Chess.com"]
[Date "2021.03.02"]
[Round "7"]
[White "The_Machine04"]
[Black "Fiona"]
[Result "0-1"]
[WhiteElo "2405"]
[BlackElo "2273"]
[TimeControl "180+1"]
[EndTime "11:19:39 PST"]
[Termination "Fiona won on time"]

1. d4 d6 2. Nf3 Bg4 3. Nbd2 Nd7 4. h3 Bh5 5. e4 e5 6. c3 Ngf6 7. Be2 Be7 8. dxe5 dxe5 9. O-O Bg6 10. Bd3 O-O 11. Bc2 c6 12. Re1 Qc7 13. Qe2 Nc5 14. a4 Rad8 15. b4 Ne6 16. g3 a5 17. Ba3 axb4 18. cxb4 Nd4 19. Nxd4 Rxd4 20. Nf3 Rd7 21. Red1 Rfd8 22. Rxd7 Rxd7 23. b5 Bxa3 24. Rxa3 cxb5 25. axb5 h6 26. Kg2 Qc5 27. Ra8+ Kh7 28. Rb8 Qc7 29. Ra8 Qc3 30. Rb8 Bh5 31. Bb1 g6 32. g4 Nxg4 33. hxg4 Bxg4 34. Rf8 Kg7 35. Rb8 h5 36. Qe3 Qc7 37.
Ra8 b6 38. Ba2 Qd6 39. Bd5 Qf6 40. Bc6 Rd1 41. Ra7 h4 42. Bd5 h3+ 43. Kh2 Bxf3 44. Rxf7+ Qxf7 45. Bxf7 Rh1+ 46. Kg3 Bg2 47. Qg5 Kxf7 48.
Qxe5 Rb1 49. Qc7+ Kg8 50. Qxb6 Rb3+ 51. Kh2 Rb2 52. Qd8+ Kh7 53. Qd7+ Kh6 54. Qd6 Rxf2 0-1

[Event "*** Titled Tuesday Blitz"]
[Site "Chess.com"]
[Date "2021.03.02"]
[Round "7"]
[White "IngOscarArdila"]
[Black "Coiote53"]
[Result "1-0"]
[WhiteElo "2249"]
[BlackElo "2349"]
[TimeControl "180+1"]
[EndTime "11:19:39 PST"]
[Termination "IngOscarArdila won on time"]

1. d4 Nf6 2. c4 g6 3. Nc3 d5 4. cxd5 Nxd5 5. e4 Nxc3 6. bxc3 Bg7 7. Bc4 c5 8. Ne2 Nc6 9. Be3 O-O 10. O-O Bg4 11. f3 Bd7 12. Qd2 Qa5 13. Qb2 b6 14. Rfd1 Rfd8 15. Rac1 e6 16. Qb3 Rac8 17. d5 exd5 18.
Bxd5 Be8 19. Bg5 Rd6 20. Bd2 Rcd8 21. Bf4 Ne5 22. Bg5 R8d7 23. Kh1 c4 24. Qc2 Nd3 25.
Rxd3 cxd3 26. Qxd3 Qxa2 27. Nd4 Rxd5 28. exd5 Qxd5 29.
Qe3 Qe5 30. Qxe5 Bxe5 31. Re1 f6 32. Bxf6 Bxd4 33. cxd4 Kf7 34. Be5 Rd5 35. Rc1 Bd7 36. Rc7 Ke6 37. Rxa7 Rb5 38. h4 h5 39. Kh2 Rb2 40.
Kg3 Rc2 41. Ra6 Rc6 42. Ra8 b5 43. Rb8 Ra6 44. Kf4 Ra4 45. Rb6+ Ke7 46. g4 hxg4 47.
fxg4 b4 48. h5 gxh5 49. gxh5 Ra1 50. d5 Rf1+ 51. Ke3 Re1+ 52. Kd4 Rb1 53. Bd6+ Kf7 54. Bxb4 Rh1 55. Rb7 Ke8 56. Rb8+ Kf7 57. Rh8 Kg7 58.
Rd8 Bg4 59. h6+ 1-0

[Event "*** Titled Tuesday Blitz"]
[Site "Chess.com"]
[Date "2021.03.02"]
[Round "7"]
[White "dopolian"]
[Black "PotapovaM"]
[Result "0-1"]
[WhiteElo "2398"]
[BlackElo "2537"]
[TimeControl "180+1"]
[EndTime "11:19:40 PST"]
[Termination "PotapovaM won by resignation"]

1. e4 c5 2. Nf3 d6 3. d4 cxd4 4. Nxd4 Nf6 5. Nc3 a6 6. h3 e5 7. Nde2 h5 8. g3 Be6 9. Bg2 Nbd7 10. O-O b5 11. Bg5 Be7 12. a4 b4 13. Nd5 Nxd5 14.
exd5 Bf5 15. Bxe7 Qxe7 16. c3 a5 17. cxb4 axb4 18. Qd2 Nc5 19. Qxb4 O-O 20. Nc3 Nd3 21. Qa3 Qd7 22. Nb5 Ra6 23. Kh2 Rfa8 24. b3 Rb8 25. Nc3 Qa7 26. Rad1 Nc5 27. b4 Nxa4 28. Nxa4 Rxa4 29. Qf3 Bg6 30. Rc1 Raxb4 31. Rc6 Qe7 32. h4 Rd4 33. Qa3 Rdb4 34. Rfc1 Qf6 35. Qa6 Qxf2 36. Rxd6 Be4 37. Qf1 Rb2 38. Qxf2 Rxf2 39. Rg1 Rbb2 40. Rd8+ Kh7 41. g4 Bxg2 42. gxh5 Bxd5+ 43.
Kg3 Rg2+ 44. Rxg2 Rxg2+ 45. Kh3 Bf3 46. h6 Kxh6 47. h5 Rg4 48. Rh8+ Kg5 49. Re8 Kf6 50. h6 gxh6 51. Rh8 Rg6 52. Re8 Bg4+ 53. Kh4 Be6 54.
Rd8 e4 55. Rd2 Ke5 56. Re2 Kd4 57. Kh5 Bg4+ 58. Kh4 Bxe2 0-1

[Event "*** Titled Tuesday Blitz"]
[Site "Chess.com"]
[Date "2021.03.02"]
[Round "7"]
[White "ljuks68"]
[Black "Agoking701"]
[Result "1-0"]
[WhiteElo "2449"]
[BlackElo "2246"]
[TimeControl "180+1"]
[EndTime "11:19:40 PST"]
[Termination "ljuks68 won by resignation"]

1. e4 c5 2. Nf3 e6 3. d4 cxd4 4.
Nxd4 a6 5. Bd3 Qc7 6. Qe2 b6 7.
c4 Bb7 8. Nc3 d6 9. O-O Nd7 10. f4 Be7 11. Bd2 Rc8 12. Rae1 Bf6 13. Nf3 e5 14. f5 Ne7 15. g4 h6 16. h4 g5 17. hxg5 hxg5 18. Nd5 Nxd5 19. cxd5 Nc5 20. Rc1 Qd8 21. Bc2 Rg8 22. b4 Nd7 23. Bd3 a5 24. a3 Ke7 25. Kg2 axb4 26. axb4 Rxc1 27. Rxc1 Qa8 28. Bb5 Rc8 29. Rxc8 Qxc8 30. Qc4 Qxc4 31. Bxc4 Nf8 32. Nxg5 Bxg5 33. Bxg5+ f6 34.
Be3 Nd7 35. g5 fxg5 36. Bxg5+ Kf7 37. Be3 Bc8 38. Kg3 Nf6 39. Kf3 Nd7 40. Bb5 Ke7 41. Bd3 Kf7 42. Kg4 Nf6+ 43. Kg5 Nd7 44. Be2 Nf6 45. Bf3 Nd7 46. Bh5+ Kg7 47. Bf3 Kf7 48.
Kh6 Kf6 49. Bg5+ Kf7 50. Bh5+ Kf8 51. Kg6 Ba6 52. Bh6+ Ke7 53. Bg7 Bd3 54. f6+ Nxf6 55. Bxf6+ Kd7 56. Bf3 b5 57. Kf7 Bc4 58. Bg4+ Kc7 59.
Ke6 Bd3 60. Bf5 Bc4 61. Be7 Kb6 62. Bxd6 Ka6 63. Bc5 Kb7 64. Kxe5 Bd3 65. Kd4 Bc2 66. d6 Kc6 67. d7 Kc7 68. Be7 Bxe4 69. d8=Q+ Kb7 70.
Bxe4+ 1-0

[Event "*** Titled Tuesday Blitz"]
[Site "Chess.com"]
[Date "2021.03.02"]
[Round "7"]
[White "bratkoo"]
[Black "anpospan"]
[Result "1-0"]
[WhiteElo "2515"]
[BlackElo "2373"]
[TimeControl "180+1"]
[EndTime "11:19:41 PST"]
[Termination "bratkoo won by resignation"]

1. e4 Nc6 2. Nf3 d6 3. d4 Nf6 4. Nc3 Bg4 5. h3 Bxf3 6. gxf3 e5 7. d5 Ne7 8. Be3 Ng6 9. Bb5+ Nd7 10. Qd2 a6 11.
Bf1 Qh4 12. Bg5 Qh5 13. Be2 Nf4 14. Bxf4 exf4 15. Qxf4 g6 16. Qg4 Qe5 17. f4 Qd4 18. Qg3 Bg7 19. a3 O-O-O 20. Qd3 Qc5 21. Bg4 f5 22.
exf5 Rhe8+ 23. Kf1 h5 24. f6 Bxf6 25. Ne4 Rxe4 26. Bxd7+ Rxd7 27. Qxe4 Re7 28. Qd3 Bh4 29. Rh2 Kb8 30. Re1 Rf7 31. b4 Qb6 32. Re8+ Ka7 33. Qe3 a5 34. bxa5 Qc5 35. Rg2 Bf6 36. Qxc5+ dxc5 37. Rxg6 Bd4 38. Rgg8 Ka6 39. c4 Kxa5 40. Ra8+ Kb6 41.
Rg6+ c6 42. dxc6 bxc6 43. Rc8 Rxf4 44. Rcxc6+ Kb7 45. Rb6+ Kc7 46. Rgc6+ Kd7 47. Rh6 Rxf2+ 48.
Ke1 Ra2 49. Rb7+ Kc8 50. Rf7 Ra1+ 51. Ke2 Ra2+ 52. Kd3 Rxa3+ 53. Ke4 Re3+ 54. Kd5 Re8 55. Ra6 Kb8 56. Kc6 Re6+ 57. Kb5 Rxa6 58. Kxa6 Kc8 59. Kb6 h4 60. Rf4 Kd7 61. Rxh4 Ke6 62. Rh5 Be3 63.
Kc6 Kf6 64. Rxc5 Kg6 65. Re5 Bf4 66. Kd5 1-0

[Event "*** Titled Tuesday Blitz"]
[Site "Chess.com"]
[Date "2021.03.02"]
[Round "7"]
[White "Bigfish1995"]
[Black "Zkid"]
[Result "0-1"]
[WhiteElo "3112"]
[BlackElo "2839"]
[TimeControl "180+1"]
[EndTime "11:19:42 PST"]
[Termination "Zkid won by resignation"]

1. e4 c5 2. Nf3 Nc6 3. Bb5 g6 4.
O-O Bg7 5. c3 Nf6 6. Re1 O-O 7. d4 d5 8. e5 Ne4 9. Bxc6 bxc6 10.
Be3 cxd4 11. cxd4 Qb6 12. Re2 f6 13. Ne1 Ba6 14. Rc2 fxe5 15. dxe5 d4 16. Qxd4 Qxd4 17. Bxd4 Rad8 18. Nf3 c5 19. Nc3 cxd4 20. Nxe4 Bd3 21. Rc7 Bxe4 22. Ng5 Bxe5 23. Rxa7 Bd5 24. Rd1 Ra8 25.
Rxe7 Bf6 26. Rd7 Rfd8 27. Nxh7 Bg7 28. Rxd8+ Rxd8 29. Ng5 Bxa2 30. h4 d3 31. Rd2 Bb3 32. Nf3 Bh6 33. Ng5 Bc2 34. f4 Bg7 35. Ne6 Rb8 36. Nxg7 Kxg7 37. Kf2 Rxb2 38. Ke3 Rb1 39. g4 Rg1 40. Kf3 Kf6 41. h5 gxh5 42. gxh5 Kf5 43.
Rh2 Rg7 44. h6 Rh7 45. Ke3 Kg6 46. Kd2 Rxh6 47. f5+ Kh7 48. Rf2 Kg7 49. Ke3 Kf6 50.
Kd2 Rh5 51. Rg2 Rxf5 52. Rh2 Ke5 53. Kc3 Kd5 54. Rh4 Re5 55. Rd4+ Ke6 56. Rh4 Rc5+ 57.
Kd2 Rd5 58. Rh6+ Kd7 59. Rh7+ Kc6 60. Rh6+ Kc5 61. Rh4 Bb3 62. Rh8 Bc4 63. Rc8+ Kd4 64. Rh8 Re5 65. Rd8+ Bd5 66. Kd1 Re2 67. Kc1 Rh2 68.
Kd1 Ke3 69. Re8+ Be4 0-1

[Event "*** Titled Tuesday Blitz"]
[Site "Chess.com"]
[Date "2021.03.02"]
[Round "7"]
[White "Vuk2000"]
[Black "Savagelittlemole"]
[Result "1-0"]
[WhiteElo "2663"]
[BlackElo "2517"]
[TimeControl "180+1"]
[EndTime "11:19:42 PST"]
[Termination "Vuk2000 won on time"]

1. d4 Nf6 2. Bg5 c5 3. Bxf6 exf6 4. Nc3 cxd4 5. Qxd4 Nc6 6. Qd2 Bb4 7. e3 O-O 8. Nf3 d5 9. a3 Bxc3 10. Qxc3 Bg4 11.
Nd4 Rc8 12. Bd3 Qb6 13. Nxc6 bxc6 14. O-O c5 15. Rfe1 Be6 16. b3 a5 17. Be2 Qa7 18.
Bb5 Qb6 19. a4 Rfd8 20. Rac1 h6 21. Qb2 Bd7 22. c4 dxc4 23. bxc4 Be6 24. Qc3 Rd6 25.
Rcd1 Rcd8 26. Rxd6 Rxd6 27. h3 Qd8 28. Qa3 Rd1 29.
Rxd1 Qxd1+ 30. Kh2 Qd6+ 31. g3 Qd2 32. Kg2 Qb4 33. Qc1 g6 34. e4 Kg7 35. Qc2 Qa3 36. Qd2 Qb4 37. Qd3 Qb2 38. Qe3 Qe5 39. f4 Qh5 40. g4 Qh4 41. Qxc5 Bxg4 42. hxg4 Qxg4+ 43. Kf2 Qxf4+ 44. Ke2 Qxe4+ 45. Qe3 Qc2+ 46. Qd2 Qe4+ 47. Qe3 Qc2+ 48. Kf3 Qf5+ 49. Kg3 h5 50. c5 g5 51. c6 h4+ 52. Kg2 Qg4+ 53. Kf2 h3 54. c7 Qg2+ 55. Ke1 Qh1+ 56. Bf1 Qc6 57.
Qg3 1-0

[Event "*** Titled Tuesday Blitz"]
[Site "Chess.com"]
[Date "2021.03.02"]
[Round "7"]
[White "Konavets"]
[Black "Gabix_94"]
[Result "1-0"]
[WhiteElo "2943"]
[BlackElo "2810"]
[TimeControl "180+1"]
[EndTime "11:19:43 PST"]
[Termination "Konavets won by checkmate"]

1. d4 d5 2. Nf3 Bf5 3. c4 e6 4.
Nc3 c6 5. Qb3 Qb6 6. c5 Qc7 7.
Bf4 Qc8 8. Nh4 Bg4 9. h3 Bh5 10. g4 Bg6 11. Nxg6 hxg6 12. e4 Nf6 13. f3 Be7 14.
Bd3 Nbd7 15. e5 Ng8 16. Qc2 Bh4+ 17. Ke2 Ne7 18. b4 g5 19. Be3 Nf8 20. b5 Nfg6 21.
Kd2 O-O 22. Rab1 b6 23. Na4 cxb5 24. Rxb5 Qd8 25. cxb6 axb6 26. Nxb6 Rb8 27. Rhb1 Nf4 28. a4 Ng2 29. a5 f6 30. Bg1 fxe5 31. dxe5 Rxf3 32.
a6 Qf8 33. Qc5 Bf2 34. Bxf2 Rxf2+ 35. Kc3 d4+ 36. Qxd4 Rd8 37. Nd7 Nd5+ 38. Kb3 Rxd7 39.
a7 Rd8 40. Ra1 Ngf4 41. Bc4 Rf3+ 42. Kb2 Ne3 43. Qxd8 Nxc4+ 44. Kc2 Qxd8 45. Rb8 Ne3+ 46. Kb1 Rf1+ 47. Ka2 Rf2+ 48. Kb3 Rd2 49. a8=Q Rd3+ 50. Kb2 Rd2+ 51. Kb3 Rd3+ 52. Kb4 Nc2+ 53. Kc4 Ne3+ 54.
Kc5 Rd5+ 55. Kb4 Rd4+ 56. Ka3 Rd3+ 57. Ka4 Rd4+ 58. Kb5 Rd5+ 59. Ka6 Qxb8 60. Qxb8+ Kh7 61. Rc1 Neg2 62. Rc8 Nh4 63. Rh8+ Kg6 64. Qe8# 1-0

[Event "*** Titled Tuesday Blitz"]
[Site "Chess.com"]
[Date "2021.03.02"]
[Round "7"]
[White "Alexandercs432"]
[Black "zurzan"]
[Result "0-1"]
[WhiteElo "2177"]
[BlackElo "2059"]
[TimeControl "180+1"]
[EndTime "11:19:43 PST"]
[Termination "zurzan won on time"]

1. e4 Nf6 2. e5 Nd5 3. d4 d6 4.
Nf3 g6 5. Bc4 Nb6 6. Bb3 Bg7 7.
Ng5 O-O 8. e6 f6 9. Nf7 Qe8 10.
d5 a5 11. a3 a4 12. Ba2 Rxf7 13. exf7+ Qxf7 14. O-O f5 15. Nc3 N8d7 16. Re1 Ne5 17. h3 Bd7 18. f4 Nec4 19. Qe2 Bb5 20. Nxb5 Qxd5 21. Nxc7 Qc5+ 22. Kh1 Qxc7 23. Qxe7 Qxe7 24. Rxe7 Kf8 25. Rxb7 d5 26. Rb1 Rc8 27. c3 Na8 28.
Rb4 Nd6 29. Rxa4 Nc7 30. Be3 Ke7 31. Bd4 Bf8 32. Re1+ Kd7 33. Be5 Be7 34. Ra7 Kc6 35. Bxd6 Bxd6 36. Bb1 Nb5 37. Bd3 Nxa7 38. a4 Rc7 39. b4 Nc8 40. b5+ Kc5 41. Re6 Nb6 42. Kh2 Nc4 43. g3 d4 44. h4 dxc3 45. Re1 c2 46.
Rc1 Kd4 47. Bxc2 Ne3 48. Rd1+ Kc5 49. Rd2 Nc4 50. Re2 Bf8 51. Bd3 Nd6 0-1

[Event "*** Titled Tuesday Blitz"]
[Site "Chess.com"]
[Date "2021.03.02"]
[Round "7"]
[White "PavelChernomordik"]
[Black "ecwinslow"]
[Result "1/2-1/2"]
[WhiteElo "2368"]
[BlackElo "2244"]
[TimeControl "180+1"]
[EndTime "11:19:46 PST"]
[Termination "Game drawn - insufficient material"]

1. e4 c5 2. Nc3 g6 3. f4 Bg7 4.
Nf3 d6 5. Bb5+ Bd7 6. Bxd7+ Qxd7 7. O-O Nc6 8. d3 Nf6 9. Qe1 O-O 10. h3 d5 11. e5 Ne8 12. Bd2 Nc7 13. Qh4 f6 14. Rae1 Rae8 15. Qg3 b6 16. h4 fxe5 17. Nxe5 Nxe5 18.
fxe5 Ne6 19. h5 gxh5 20. Bh6 Rxf1+ 21. Rxf1 Rf8 22. Rxf8+ Kxf8 23. Qf3+ Kg8 24. Bxg7 Nxg7 25. Nxd5 Qe6 26. Qe4 h6 27. c4 Kf7 28. Nf4 Qf5 29.
Qd5+ e6 30. Qf3 h4 31. Qf2 Qxe5 32. Qxh4 Qf6 33. Qf2 e5 34. Nd5 Qxf2+ 35. Kxf2 Ne6 36. Kf3 Ng5+ 37. Ke3 Ke6 38. Nc7+ Kd7 39. Nd5 Kd6 40. g4 Ne6 41. Nf6 Ke7 42. Ng8+ Kf7 43. Nxh6+ Kg6 44. Nf5 Kg5 45. Ke4 Kxg4 46. Kxe5 Nf4 47. d4 cxd4 48. Nh6+ Kf3 49. Kxd4 Ne2+ 50. Kd3 Nc1+ 51. Kc2 Nxa2 52. Nf5 Ke4 53. Nd6+ Kd4 54. Kb3 Nc1+ 55.
Kc2 Ne2 56. b3 Kc5 57. Nc8 a5 58. Na7 Nd4+ 59. Kc3 b5 60. cxb5 Nxb5+ 61. Nxb5 Kxb5 62. Kc2 a4 63. bxa4+ Kxa4 1/2-1/2

[Event "*** Titled Tuesday Blitz"]
[Site "Chess.com"]
[Date "2021.03.02"]
[Round "7"]
[White "esrosenberg"]
[Black "rachidhuilda"]
[Result "0-1"]
[WhiteElo "2180"]
[BlackElo "2296"]
[TimeControl "180+1"]
[EndTime "11:19:46 PST"]
[Termination "rachidhuilda won by checkmate"]

1. Nf3 d5 2. c4 c6 3. d4 Nf6 4. Nc3 e6 5. Bg5 h6 6. Bxf6 Qxf6 7. Qb3 Nd7 8. e4 dxe4 9. Nxe4 Qf4 10. Bd3 Be7 11. O-O O-O 12. Rae1 Qc7 13. c5 b6 14. Qc3 a5 15. b3 Rd8 16. a3 Ba6 17. Bxa6 Rxa6 18.
b4 axb4 19. axb4 b5 20. Ne5 Nf6 21. Nxf6+ Bxf6 22. f4 Bxe5 23. dxe5 Ra2 24. Rd1 Rd5 25. Rxd5 exd5 26. f5 Qe7 27. f6 Qe6 28. Qg3 g6 29. h4 h5 30. Qg5 Qg4 31. Qxg4 hxg4 32. g3 Rb2 33. Rf4 Re2 34. Rxg4 Rxe5 35. h5 Rxh5 36. Rf4 Rf5 37. Rxf5 gxf5 38. Kf2 Kh7 39. Kf3 Kg6 40. Kf4 Kxf6 41. g4 fxg4 42. Kxg4 Ke5 43. Kf3 f5 44. Ke3 f4+ 45. Kf3 Kf5 46. Kf2 Ke4 47. Ke2 Kd4 48. Kf3 Kc4 49. Kxf4 Kxb4 50. Ke3 Kxc5 51. Kd2 Kd6 52. Kc1 c5 53. Kc2 Ke5 54. Kd2 Kd6 55. Kd3 b4 56. Kc2 c4 57. Kb2 d4 58. Kc2 Kc5 59.
Kd2 Kd5 60. Kc1 Ke4 61. Kd1 d3 62. Kc1 c3 63. Kd1 b3 64. Kc1 Kd5 65. Kd1 Kc5 66.
Kc1 Kb4 67. Kb1 Ka3 68. Kc1 Ka2 69. Kd1 b2 70. Ke1 b1=Q+ 71. Kf2 Qf1+ 72. Kxf1 c2 73. Ke1 c1=Q+ 74. Kf2 Qc2+ 75. Ke3 Qe2+ 76. Kd4 d2 77.
Kc3 d1=Q 78. Kb4 Qd4+ 79. Ka5 Qee5+ 80. Ka6 Qdd6+ 81. Kb7 Qee7+ 82. Kc8 Qdd8# 0-1

[Event "*** Titled Tuesday Blitz"]
[Site "Chess.com"]
[Date "2021.03.02"]
[Round "7"]
[White "organdzievhren"]
[Black "Aisen1011"]
[Result "1-0"]
[WhiteElo "2441"]
[BlackElo "2230"]
[TimeControl "180+1"]
[EndTime "11:19:47 PST"]
[Termination "organdzievhren won by resignation"]

1. e4 e5 2. Nf3 Nc6 3. Bb5 a6 4. Ba4 Nge7 5. O-O g6 6. d4 exd4 7. Bxc6 Nxc6 8. Nxd4 Bg7 9. Be3 O-O 10. Nc3 d6 11. Nxc6 bxc6 12. Bd4 Bb7 13. Bxg7 Kxg7 14.
Qd4+ Qf6 15. Qxf6+ Kxf6 16. Rad1 Rad8 17. Rd2 d5 18.
Rfd1 Rfe8 19. f3 Ke6 20. Na4 Bc8 21. Nc5+ Ke5 22. c3 f5 23. Kf2 fxe4 24. fxe4 Rf8+ 25.
Ke3 Rd6 26. Nd3+ Ke6 27. exd5+ cxd5 28. Nf4+ Kd7 29. Rxd5 Bb7 30. Rxd6+ cxd6 31. h4 Rf6 32. Rd4 h6 33. Rb4 Bc6 34. Rb6 g5 35. hxg5 hxg5 36. Nh5 Rh6 37. g4 a5 38. Ra6 a4 39. Kd4 Bf3 40.
Ra7+ Kc6 41. Ng3 Bxg4 42. Ne4 Rh4 43. Ra6+ Kc7 44. Rxa4 Bf5 45. Kd5 g4 46. Nxd6 Bd7 47. Ra7+ Kd8 48. Nf7+ Ke7 49. Ne5 Rh5 50. Rxd7+ Ke8 51.
Rg7 g3 52. Rxg3 Rh2 53. b4 Rxa2 54. b5 Rd2+ 55. Kc6 Rc2 56. Nd7 Rxc3+ 57. Rxc3 1-0

[Event "*** Titled Tuesday Blitz"]
[Site "Chess.com"]
[Date "2021.03.02"]
[Round "7"]
[White "NTBT_DHS"]
[Black "LawrenceTrent"]
[Result "1-0"]
[WhiteElo "2774"]
[BlackElo "2557"]
[TimeControl "180+1"]
[EndTime "11:19:49 PST"]
[Termination "NTBT_DHS won on time"]

1. d4 d5 2. c4 e5 3. dxe5 d4 4. Nf3 Nc6 5. a3 Nge7 6. e3 Bg4 7. Be2 dxe3 8. Bxe3 Qxd1+ 9. Bxd1 O-O-O 10. Nbd2 Ng6 11. Ng5 Bxd1 12. Rxd1 Ngxe5 13. O-O h6 14. Ngf3 a5 15. Nxe5 Nxe5 16. Rc1 Be7 17. h3 Rhe8 18. Rc2 Nd3 19. Rb1 a4 20. Ne4 f5 21. Nc3 f4 22.
Bd2 Bc5 23. Kf1 Bxf2 24. Bxf4 Rf8 25. Nd5 Bg3 26. Ne7+ Kb8 27. Ng6 Rf6 28. Rd1 Bxf4 29. Nxf4 Rxf4+ 30. Ke2 Re4+ 31. Kf3 Ree8 32. Kg3 Nc5 33.
Rf1 Rd3+ 34. Kh4 b6 35. Rf7 Rd7 36. Rcf2 Ree7 37. Rf8+ Kb7 38. Kh5 Nd3 39. R2f5 Nxb2 40. Rg8 Nxc4 41. Kg6 Nxa3 42. Rff8 b5 43. Ra8 Nc4 44.
Rgb8+ Kc6 45. g4 Kc5 46. h4 Ne5+ 47. Kh5 g6+ 48. Kxh6 Nxg4+ 49. Kg5 Ne5 50. Kf6 Nc6 51. Rb7 Rd6+ 52. Kg5 Re5+ 53. Kh6 Rh5+ 54. Kg7 Rxh4 55.
Rxc7 Rhd4 56. Kh6 g5+ 57. Kh5 g4 58. Kh4 g3+ 59. Kxg3 Rd3+ 60. Kf2 1-0

[Event "*** Titled Tuesday Blitz"]
[Site "Chess.com"]
[Date "2021.03.02"]
[Round "7"]
[White "Bongcloudtransvestit"]
[Black "shnitez"]
[Result "0-1"]
[WhiteElo "2289"]
[BlackElo "2502"]
[TimeControl "180+1"]
[EndTime "11:19:49 PST"]
[Termination "shnitez won by resignation"]

1. c4 c5 2. Nf3 Nf6 3. b3 b6 4.
Bb2 e6 5. e3 Bb7 6. d3 g6 7. Nbd2 Bg7 8. Qc2 O-O 9. Be2 Nc6 10.
a3 Rc8 11. O-O d5 12. cxd5 exd5 13. Rac1 Re8 14. Rfe1 d4 15. e4 h5 16. Qb1 a5 17.
Rc2 h4 18. h3 Nh5 19. Bc1 Nf4 20. Bf1 Ne5 21. Nxe5 Bxe5 22. Nf3 Bb8 23. b4 axb4 24.
axb4 Ba6 25. Ra2 Bb7 26. bxc5 Rxc5 27. Ra4 Ne6 28. Bb2 Qd6 29. e5 Qd7 30. Nxd4 Qxa4 31. Nxe6 Rxe6 32. d4 Rc8 33. Bd3 Kg7 34. Bc1 Bc7 35.
Bg5 Bd8 36. Be3 Bd5 37. Qb2 Qd7 38. Qe2 Qb7 39. Qg4 Be7 40. f3 Rh8 41. Bf5 b5 42. Bxe6 Bxe6 43. Qf4 b4 44. Bc1 b3 45. Bb2 Qd5 46. Qd2 Rc8 47. Rc1 Rxc1+ 48. Qxc1 Qc4 49. Qxc4 Bxc4 50. Kf2 Bd5 51. Ke3 Bb4 52. Kd3 Be1 53.
Ke3 Bg3 54. Ke2 Bf4 55. Kd3 Kf8 56.
Ba3+ Ke8 57. Kc3 Kd7 58. Bb4 Ke6 59. Ba3 Kf5 60. Be7 Be3 61. Bxh4 Bc1 62. Be1 b2 63.
Kc2 Ba2 0-1